AoeStats
← Boudboud

Migration

506526969Analyzed
1v1 RM · 17d ago on Sep 13, 2026· 93m 6s· 2 players
Game mode
Random Map
Map size
132×132
Population
200
Speed
Normal
Resources
Standard
Victory
Conquest
Starting age
Dark Age
Ending age
Imperial Age
RankedLock teamsTeams togetherTeam positionsShared explorationLock speedFull tech treeHidden civsTurbo modeCheats
Victory
Defeat
🇧🇴 Byzantines · Bolivia
877
+15
🇫🇷 Franks · France
860
-41
Boudboud
12:39 Feudal Age
13:58 Wheelbarrow
13:12 Fishing Lines
21:19 Castle Age
19:44 Double-Bit Axe
20:07 Scale Barding Armor
20:05 Gold Mining
20:54 Loom
20:55 Town Watch
21:14 Padded Archer Armor
21:15 Scale Mail Armor
21:06 Fletching
22:39 Bow Saw
22:42 Husbandry
22:04 Light Cavalry
23:40 Hand Cart
24:08 Murder Holes
25:18 Siphons
26:18 Medium Warships
26:06 Gillnets
25:45 Demolition Ship
26:35 Medium Warships
26:41 Clinker Construction
26:42 Careening
26:43 Masonry
28:12 Ballistics
29:28 Gold Shaft Mining
28:43 Stone Mining
29:13 Forging
28:59 Bodkin Arrow
29:19 Leather Archer Armor
30:18 Town Patrol
31:56 Iron Casting
32:18 Gillnets
32:43 Arson
32:58 Squires
32:18 Pikeman
38:44 Imperial Age
39:36 Chain Barding Armor
39:32 Chain Mail Armor
40:26 Chemistry
44:08 Dry Dock
44:08 Carvel Hull
43:54 Siege Engineers
44:20 Architecture
45:29 Conscription
45:11 Chivalry
45:34 #83
46:48 Hoardings
50:06 Cavalier
53:22 Halberdier
53:48 Gambesons
56:48 Arrowslits
89:36 Guard Tower
jp906991
10:37 Feudal Age
10:56 Loom
13:51 Double-Bit Axe
17:22 Castle Age
17:22 Wheelbarrow
17:20 Horse Collar
18:40 Fishing Lines
21:30 Bow Saw
24:11 Hand Cart
24:14 Heavy Plow
25:24 Scale Barding Armor
28:22 Gold Mining
28:25 Stone Mining
30:23 Chain Barding Armor
29:55 Fletching
30:16 Forging
31:01 Gold Shaft Mining
34:40 Imperial Age
34:18 Iron Casting
34:17 Bodkin Arrow
35:58 Conscription
36:33 Logistica
39:38 Husbandry
39:00 Heavy Camel Rider
41:59 Guilds
43:52 Two-Man Saw
43:31 Stone Shaft Mining
42:31 Elite Cataphract
48:25 Plate Barding Armor
48:26 Iron Casting
47:52 Bracer
52:24 Chemistry
51:51 Ballistics
54:41 Chemistry
54:10 Siphons
84:17 Demolition Ship
85:07 Medium Warships
84:49 Gillnets
87:27 Heavy Demolition Ship
88:33 Heavy Warships
Connection lost

Rejoining the realm…

Still unreachable

The connection could not be restored.

Session expired

The server has moved on; the page needs a fresh start.